 Dungeon Crawl Stone Soup version 0.27-a0-1036-g8e1b44f6bd (webtiles) character file.

Game seed: 2012114185648599532

910 tardwrangler69 the Digger (level 7, -4/50 HPs)
             Began as a White Draconian Earth Elementalist on Apr 18, 2021.
             Slain by Duvessa
             ... wielding a +0 short sword
              (15 damage)
             ... on level 5 of the Dungeon.
             The game lasted 00:03:54 (6207 turns).

tardwrangler69 the Digger (DrEE)                    Turns: 6207, Time: 00:03:54

Health: -4/50      AC:  6    Str: 10    XL:     7   Next: 81%
Magic:  9/14       EV: 12    Int: 17    God:
Gold:   272        SH:  0    Dex: 12    Spells: 15/16 levels left

rFire    . . .     SeeInvis .   i - +1 hand axe (elec)
rCold    + . .     Faith    .   (no shield)
rNeg     . . .     Spirit   .   (armour unavailable)
rPois    .         Reflect  .   (helmet restricted)
rElec    .         Harm     .   (no cloak)
rCorr    .         Rampage  .   (no gloves)
Will     .....                  (no boots)
Stlth    ++........             (no amulet)
HPRegen  0.16/turn              (no ring)
MPRegen  0.14/turn              (no ring)

@: no status effects
A: breathe frost, AC +6, unfitting armour, cold resistance 1, cold-blooded
a: Breathe Frost


You were on level 5 of the Dungeon.
You visited 1 branch of the dungeon, and saw 5 of its levels.

You collected 314 gold pieces.
You spent 42 gold pieces at shops.

Inventory:

Hand Weapons
 i - a +1 hand axe of electrocution (weapon)
 v - a +2 dagger of protection
Missiles
 b - 112 stones
 q - 8 curare-tipped darts
Jewellery
 s - a ring of ice
Wands
 u - a wand of flame (16)
Scrolls
 a - 3 scrolls of teleportation
 c - a scroll of fog {unknown}
 d - a scroll of summoning {unknown}
 h - a scroll of blinking {unknown}
 n - 2 scrolls of identify {unknown}
 r - a scroll of enchant weapon {unknown}
Potions
 e - a potion of berserk rage {unknown}
 f - 2 potions of heal wounds {unknown}
 g - a potion of degeneration {unknown}
 j - 2 potions of cancellation {unknown}
 k - 2 potions of brilliance {unknown}
 l - a potion of ambrosia {unknown}
 m - a potion of attraction {unknown}
 o - 2 potions of curing {unknown}
 p - a potion of magic {unknown}
 t - a potion of mutation {unknown}


   Skills:
 - Level 1.7 Dodging
 - Level 1.7 Stealth
 + Level 5.1 Spellcasting
 - Level 1.0 Transmutations
 * Level 7.9 Earth Magic


You had 15 spell levels left.
You knew the following spells:

 Your Spells              Type           Power      Damage    Failure   Level
a - Sandblast             Erth           62%        2d14      1%          1

Your spell library contained the following spells:

 Spells                   Type           Power      Damage    Failure   Level
 Passwall                 Tmut/Erth      15%        N/A       3%          2
 Stone Arrow              Conj/Erth      34%        3d9       9%          3
 Animate Skeleton         Necr           8%         N/A       14%         1
 Magic Dart               Conj           16%        1d3       14%         1
 Pain                     Necr           16%        1d4       14%         1
 Lee's Rapid Deconstruct  Erth           15%        3d11*     16%         5
 Searing Ray              Conj           8%         3d3       22%         2
 Petrify                  Tmut/Erth      19%        N/A       22%         4
 Dazzling Flash           Conj/Hex       8%         N/A       38%         3
 Vampiric Draining        Necr           2%         2d6       38%         3
 Animate Dead             Necr           2%         N/A       80%         4
 Fulminant Prism          Conj/Hex       2%         3d6       80%         4
 Iskenderun's Mystic Bla  Conj/Tloc      4%         2d3       80%         4
 Agony                    Necr           4%         N/A       98%         5


Dungeon Overview and Level Annotations

Branches:
Dungeon (5/15)
 Temple: D:4-7

Altars:
Makhleb
Nemelex Xobeh
Okawaru
Qazlal
Xom
Zin
The Shining One

Shops:
D:1 (   D:2 ?

Annotations:
D:5 Duvessa


Innate Abilities, Weirdness & Mutations

You can breathe waves of freezing cold which knock back foes.
Your icy white scales are hard. (AC +6)
You cannot fit into any form of body armour.
Your flesh is cold resistant. (rC+)
You are cold-blooded and may be slowed by cold attacks.


Message History

Duvessa is nearby!
Duvessa is nearby!
Duvessa is nearby!
Casting: Sandblast (safe; 1% risk of failure)
Confirm with . or Enter, or press ? or * to list all spells.
Aiming: Sandblast (safe; 1% risk of failure)
Press: ? - help, Shift-Dir - straight line, f - Duvessa
Aim: Duvessa, wielding a +0 short sword and wearing a +2 scale mail of willpower (berserk, 87% to hit)
The blast of sand hits Duvessa but does no damage.
Casting: Sandblast (safe; 1% risk of failure)
Confirm with . or Enter, or press ? or * to list all spells.
Aiming: Sandblast (safe; 1% risk of failure)
Press: ? - help, Shift-Dir - straight line, f/p - Duvessa
Aim: Duvessa, wielding a +0 short sword and wearing a +2 scale mail of willpower (berserk, 87% to hit)
The blast of sand hits Duvessa but does no damage.
Duvessa hits you with a +0 short sword!
Casting: Sandblast (safe; 1% risk of failure)
Confirm with . or Enter, or press ? or * to list all spells.
Aiming: Sandblast (safe; 1% risk of failure)
Press: ? - help, Shift-Dir - straight line, f/p - Duvessa
Aim: Duvessa, wielding a +0 short sword and wearing a +2 scale mail of willpower (berserk, 87% to hit)
The blast of sand hits Duvessa!
Duvessa is moderately wounded.
Duvessa hits you with a +0 short sword!
Casting: Sandblast (safe; 1% risk of failure)
Confirm with . or Enter, or press ? or * to list all spells.
Aiming: Sandblast (safe; 1% risk of failure)
Press: ? - help, Shift-Dir - straight line, f/p - Duvessa
Aim: Duvessa, wielding a +0 short sword and wearing a +2 scale mail of willpower (moderately wounded, berserk, 87% to hit)
The blast of sand hits Duvessa but does no damage.
Duvessa is moderately wounded.
Duvessa hits you with a +0 short sword! x2
* * * LOW HITPOINT WARNING * * *
Casting: Sandblast (safe; 1% risk of failure)
Confirm with . or Enter, or press ? or * to list all spells.
Aiming: Sandblast (safe; 1% risk of failure)
Press: ? - help, Shift-Dir - straight line, f/p - Duvessa
Aim: Duvessa, wielding a +0 short sword and wearing a +2 scale mail of willpower (moderately wounded, berserk, 87% to hit)
The blast of sand misses Duvessa.
Duvessa hits you with a +0 short sword!
You die...

#.....# #.....#
#.....# #.....#
#######.....#
............###
#########.......###..
......###.....#.....
.......e@.......#
#####.######..### #
##.# #.## #..##
##..## #####
#...####.... .
##..[....###
#.##.####.##


You could see Duvessa (berserk).

Vanquished Creatures
  An ice beast (D:5)
  An ogre (D:4)
  2 phantoms (D:4)
  A kobold brigand (D:5)
  2 scorpions (D:5)
  Dowan (D:5)
  A water moccasin skeleton (D:5)
  A hound (D:4)
  A bullfrog skeleton (D:4)
  An iguana (D:4)
  A hound skeleton (D:4)
  6 adders
  6 gnolls
  A howler monkey skeleton (D:4)
  An adder skeleton (D:4)
  3 worms (D:3)
  2 dart slugs
  2 orcs
  4 bats (D:1)
  5 endoplasms
  4 goblins
  5 hobgoblins
  10 jackals
  3 quokkas
  8 ball pythons
  5 frilled lizards (D:1)
  5 kobolds
  6 rats
89 creatures vanquished.

Notes
Turn   | Place    | Note
-------+----------+-------------------------------------------
     0 | D:1      | tardwrangler69 the Draconian Earth Elementalist began the
                  | quest for the Orb.
     0 | D:1      | Reached XP level 1. HP: 14/14 MP: 3/3
    39 | D:1      | Found Femn's Weapon Emporium.
   429 | D:1      | Reached XP level 2. HP: 17/20 MP: 5/5
  1581 | D:2      | Reached XP level 3. HP: 26/26 MP: 6/6
  1859 | D:2      | Found Fuyt's Magic Scroll Emporium.
  1867 | D:2      | Bought a scroll of teleportation for 42 gold pieces
  2373 | D:2      | Reached skill level 4 in Earth Magic
  2821 | D:3      | Reached XP level 4. HP: 33/33 MP: 8/8
  3319 | D:3      | Found a glowing golden altar of the Shining One.
  3690 | D:4      | Noticed a phantom
  3693 | D:4      | Reached skill level 5 in Earth Magic
  3693 | D:4      | Reached XP level 5. HP: 38/38 MP: 6/9
  3700 | D:4      | Killed a phantom
  3856 | D:4      | Found a shimmering altar of Xom.
  3857 | D:4      | Found a sparkling altar of Nemelex Xobeh.
  3857 | D:4      | Found a glowing silver altar of Zin.
  3996 | D:4      | Found a burning altar of Makhleb.
  3997 | D:4      | Found a stormy altar of Qazlal.
  4105 | D:4      | Reached XP level 6. HP: 30/45 MP: 11/11
  4425 | D:4      | Reached skill level 6 in Earth Magic
  4446 | D:4      | Found an iron altar of Okawaru.
  5575 | D:5      | Entered Level 5 of the Dungeon
  5575 | D:5      | Noticed an ice beast
  5641 | D:5      | Your scales start taking on an icy white colour.
  5641 | D:5      | Reached XP level 7. HP: 50/50 MP: 8/13
  5641 | D:5      | Gained mutation: Your flesh is cold resistant. (rC+) [White
                  | Draconian growth]
  5699 | D:5      | Reached skill level 7 in Earth Magic
  6084 | D:5      | Reached skill level 5 in Spellcasting
  6133 | D:5      | Noticed Dowan
  6133 | D:5      | Noticed Duvessa
  6151 | D:5      | Killed Dowan
  6207 | D:5      | Slain by Duvessa

Illustrated notes

Levels and vault maps discovered:
D:1:      wheals_arrival_linesprint, layout_loops_ring, serial_shops, shop
D:2:      layout_basic, serial_shops, shop, corexii_corridor_pit
D:3:      layout_loops_ring, lemuel_coloured_pillars_altar
D:4:      minmay_wonky_spiral, layout_layer_cave, minitemple, okawaru_trees_1,
          minmay_misc_feat_room, minmay_vboxes
D:5:      layout_rooms, solitary_fountain, grunt_decor_one_mirror, uniq_duvessa

Skill      XL: |  1  2  3  4  5  6  7 |
---------------+----------------------+-----
Earth Magic    | 4 5 6 7 |  7.9
Spellcasting   | 3 4 5 |  5.1
Dodging        | |  1.7
Stealth        | |  1.7
Transmutations | |  1.0

Action                   |  1- 3 |  4- 6 |  7- 9 || total
-------------------------+-------+-------+-------++-------
Melee: Unarmed           |    23 |       |       ||    23
       Dagger            |    73 |       |       ||    73
       Tailslap          |    15 |     9 |       ||    24
       Hand axe          |    51 |   102 |     6 ||   159
 Cast: Sandblast         |     3 |    42 |    30 ||    75
 Stab: Sleeping          |     3 |     2 |       ||     5
Armor: Skin              |    40 |    30 |     3 ||    73
Dodge: Dodged            |   101 |   105 |    11 ||   217

Table legend: (Time is in decaauts)
 A = Elapsed time spent in this place.
 B = Non-inter-level travel time spent in this place.
 C = Inter-level travel time spent in this place.
 D = Time resting spent in this place.
 E = Time spent auto-exploring this place.
 F = Levels seen in this place.
 G = Mean time per level.
                   A        B        C        D        E       F      G
               +--------+--------+--------+--------+--------+-----+--------+
         Total |   6258 |   6030 |    228 |    231 |   5071 |   5 | 1251.6 |
       Dungeon |   6258 |   6030 |    228 |    231 |   5071 |   5 | 1251.6 |
               +--------+--------+--------+--------+--------+-----+--------+

Top non-repeatable levels by time:
     D:4: 1890 daAuts
     D:1: 1463 daAuts
     D:2: 1165 daAuts
     D:3: 1150 daAuts
     D:5: 589 daAuts
